 Dungeon Crawl Stone Soup version 0.26.1-11-gd32895ea62 (webtiles) character file.

Game seed: 4504449884844129973

94056 Borgoz the Warrior (level 16, 0/165 HPs)
             Began as a Gargoyle Berserker on July 6, 2021.
             Was a High Priest of Trog.
             Killed from afar by an oklob plant (13 damage)
             ... with a splash of acid
             ... on level 5 of the Lair of Beasts.
             The game lasted 00:47:58 (24049 turns).

Borgoz the Warrior (Gargoyle Berserker)            Turns: 24049, Time: 00:47:59

Health: 0/165      AC: 13    Str: 28    XL:     16   Next: 10%
Magic:  16/16      EV: 19    Int: 10    God:    Trog [*****.]
Gold:   2336       SH:  0    Dex: 23    Spells: 15/15 levels left

rFire    . . .     SeeInvis .   b - +4 eveningstar of Internal Strife {flame, Dex+2}
rCold    + . .     Faith    .   (no shield)
rNeg     + . .     Spirit   .   L - +2 scale mail {rF+}
rPois    ∞         Reflect  .   n - +2 hat {Will+}
rElec    +         Harm     +   Q - scarf {harm}
rCorr    .         Rampage  .   E - +0 pair of gloves
Will     ++...                  C - +0 pair of boots
Stlth    ..........             x - amulet of the Death Scarab {+Blink Regen+ Dex+3}
HPRegen  0.77/turn              u - +6 ring of strength
MPRegen  0.15/turn              Z - ring of Equivalence {Ice Dex+5 Slay+2}

@: berserking, corroded, flying, very quick
A: big wings, negative energy resistance 1, electricity resistance, unbreathing,
petrification resistance, miasma immunity, AC +12
a: Stop Flying, Renounce Religion, Evoke Blink, Berserk, Trog's Hand, Brothers
in Arms


You were on level 5 of the Lair of Beasts.
You worshipped Trog.
Trog was extremely pleased with you.
You visited 3 branches of the dungeon, and saw 21 of its levels.
You also visited: Bailey, Gauntlet and Ice Cave.

You collected 2562 gold pieces.
You spent 226 gold pieces at shops.

Inventory:

Hand Weapons
 a - the +10 flail of Ashenzari's Generosity {vorpal, *Rage rF+ Will+}
   (You took it off an orc on level 10 of the Dungeon)

   It inflicts extra damage upon your enemies.
   It protects you from fire.
   It affects your willpower, your defense against some magical effects.
   It may make you go berserk in combat.
 b - the +4 eveningstar of Internal Strife (weapon) {flame, Dex+2}
   (Trog gifted it to you on level 2 of the Lair of Beasts)

   It has been specially enchanted to burn those struck by it, causing extra
   injury to most foes and up to half again as much damage against particularly
   susceptible opponents.
   It affects your dexterity (+2).
 G - a +4 vorpal morningstar
Missiles
 d - 9 throwing nets
Armour
 n - a +2 hat of willpower (worn)
 C - a +0 pair of boots (worn)
 E - a +0 pair of gloves (worn)
 L - a +2 scale mail of fire resistance (worn)
 P - the +2 helmet of Goakk {Int+3}
   (You found it in a Gauntlet)

   It affects your intelligence (+3).
 Q - a scarf of harm (worn)
Jewellery
 j - an uncursed amulet of reflection
 o - an uncursed ring of protection from cold
 t - the amulet "Hinu Xai" {+Fly Regen+ Int+5}
   (You acquired it on level 2 of the Lair of Beasts)

   [amulet of regeneration]

   It affects your intelligence (+5).
   It lets you fly.
   It increases your rate of regeneration.
 u - a +6 ring of strength (left hand)
 x - the amulet of the Death Scarab (around neck) {+Blink Regen+ Dex+3}
   (You acquired it on level 3 of the Lair of Beasts)

   [amulet of regeneration]

   It affects your dexterity (+3).
   It lets you blink.
   It increases your rate of regeneration.
 T - an uncursed ring of resist corrosion
 Z - the ring of Equivalence (right hand) {Ice Dex+5 Slay+2}
   (You found it on level 1 of the Lair of Beasts)

   [ring of ice]

   It enhances your ice magic.
   It affects your dexterity (+5).
   It affects your accuracy and damage with ranged weapons and melee attacks
   (+2).
   It makes you vulnerable to fire.
   It protects you from cold.
Wands
 p - a wand of iceblast (17)
 r - a wand of disintegration (21)
 y - a wand of digging (5)
 D - a wand of flame (50)
 F - a wand of paralysis (11)
 J - a wand of acid (14)
Scrolls
 c - 2 scrolls of random uselessness {unknown}
 e - 4 scrolls of fear
 h - 2 scrolls of enchant weapon
 i - 8 scrolls of fog {unknown}
 l - 19 scrolls of teleportation
 m - 3 scrolls of blinking
 s - a scroll of silence
 w - 9 scrolls of remove curse
 H - 3 scrolls of brand weapon {unknown}
 R - 3 scrolls of vulnerability {unknown}
Potions
 f - 2 potions of might
 g - 5 potions of haste
 k - a potion of magic
 q - 4 potions of attraction {unknown}
 v - 3 potions of berserk rage
 z - 10 potions of curing
 A - 2 potions of invisibility {unknown}
 B - 2 potions of ambrosia {unknown}
 I - 2 potions of cancellation
 K - a potion of resistance
 M - 2 potions of lignification {unknown}
 O - 3 potions of brilliance {unknown}
 S - 2 potions of heal wounds


   Skills:
 * Level 16.0 Fighting
 * Level 14.9 Maces & Flails
 * Level 15.9 Armour
 + Level 9.4 Dodging
 - Level 3.1 Shields


You had 15 spell levels left.
You didn't know any spells.
Your spell library was empty.

Dungeon Overview and Level Annotations

Branches:
Dungeon (15/15)            Temple (1/1) D:5            Lair (5/6) D:8
  Swamp (0/4) Lair:2       Spider (0/4) Lair:2        Slime (0/5) Lair:5
    Orc (0/2) D:10         Vaults (0/5) D:14         Depths (0/5) D:15
 Bailey (visited)           IceCv (visited)         Gauntlet (visited)

Altars:
Ashenzari
Cheibriados
Dithmenos
Elyvilon
Fedhas
Gozag
Hepliaklqana
Kikubaaqudgha
Makhleb
Nemelex Xobeh
Okawaru
Qazlal
Ru
Sif Muna
Trog
Uskayaw
Vehumet
Wu Jian
Xom
Yredelemnul
Zin
The Shining One

Shops:
D:15 *

Annotations:
Lair:5 exclusion: 4 oklob plants


Innate Abilities, Weirdness & Mutations

You are resistant to torment.
Your stone body is resilient. (AC +12)
You are immune to poison.
Your large and strong wings let you fly indefinitely.
You resist negative energy. (rN+)
You are resistant to electric shocks. (rElec)
You can survive without breathing.
You are immune to petrification.
You are immune to miasma.


Message History

The oklob plant spits acid at you.
The splash of acid hits you but does no damage.
You are splashed with acid!
A red film seems to cover your vision as you go berserk!
You feel yourself moving faster!
You feel mighty! The oklob plant spits acid at you.
The splash of acid hits you. The acid corrodes you!
You are splashed with acid!
* * * LOW HITPOINT WARNING * * *
You impale the oklob plant!! You burn the oklob plant.
The oklob plant is heavily damaged.
You sock the oklob plant! You burn the oklob plant.
The oklob plant is severely damaged.
The oklob plant spits acid at you. The splash of acid hits you.
* * * LOW HITPOINT WARNING * * *
You are splashed with acid!
* * * LOW HITPOINT WARNING * * *
The oklob plant spits acid at you. The splash of acid hits you!
You die...

#......... .#####
#.......#
#...#P##.$.....#########
................##..##P#
........................
........................
........................
........................
.....PP@................
.....P>P................
.#..........#.#..#..PP#.
##........#..####..####
##........###
#.##.....## ## ##..###
####


You could see 4 oklob plants.

Vanquished Creatures
  Gastronok (Lair:2)
  The ghost of Buhuicka the Covert, a journeyman NaWn of Gozag (D:15)
  A frost giant (IceCv)
  The ghost of Fifowuza the Grappler, a journeyman DrTm of Wu Jian (Lair:4)
  A minotaur (Gauntlet)
  The ghost of PanSaczeczos the Thaumaturge, a journeyman DrEn of Gozag (Lair:1)
  A yaktaur captain (D:12)
  A quicksilver dragon zombie (D:15)
  6 hydras
  A great orb of eyes (Gauntlet)
  5 boulder beetles
  4 catoblepae
  10 two-headed ogres
  2 centaur warriors (D:14)
  An ogre mage (D:15)
  A tengu warrior (D:14)
  A death yak (Lair:2)
  A deep troll earth mage (D:12)
  A vampire mage (D:15)
  Nergalle (Lair:2)
  The ghost of YannSP the Cleaver, a novice MiAK of Lugonu (D:7)
  A fire crab (Gauntlet)
  A skeletal warrior (D:15)
  2 unseen horrors
  A deep troll (D:14)
  A spectral hydra (Lair:1)
  2 necromancers
  3 ugly things
  A wolf spider (Lair:1)
  A cyclops (D:14)
  4 manticores
  2 oklob plants (Lair:3)
  A fire giant skeleton (D:15)
  7 elephants
  A fire giant zombie (D:15)
  An ice statue (IceCv)
  An elf skeleton (D:15)
  4 black mambas
  2 gargoyles
  A torpor snail (Lair:2)
  18 cane toads
  2 efreet
  3 rime drakes
  8 komodo dragons
  2 kobold demonologists
  5 trolls
  A guardian mummy (D:15)
  A jumping spider (Lair:2)
  19 polar bears
  A hornet (D:12)
  11 blink frogs
  3 slime creatures (D:11)
  7 dream sheep (Lair:5)
  61 yaks
  Sigmund (D:3)
  3 shadows
  A tarantella (Lair:1)
  2 water elementals (D:12)
  4 redbacks
  A centaur simulacrum (D:14)
  4 wyverns
  2 hogs (shapeshifter)
  A wraith (D:14)
  4 fire bats (Gauntlet)
  A spectral komodo dragon (Lair:1)
  A steam dragon (D:15)
  5 vampire mosquitoes
  3 basilisks
  A spectral cane toad (Lair:1)
  2 acid dragons
  2 hell hounds (Gauntlet)
  A soldier ant (D:13)
  2 hydra simulacra (Lair:1)
  14 water moccasins
  9 ice beasts
  7 black bears
  4 sky beasts
  A swamp drake (D:10)
  2 eyes of draining
  6 orc warriors
  11 ogres
  32 wolves
  7 phantoms
  2 necrophages
  4 centaurs
  Blork the orc (D:6)
  A bullfrog (shapeshifter) (D:12)
  29 bullfrogs
  9 gnoll sergeants
  A cane toad simulacrum (Lair:1)
  4 scorpions
  A water moccasin zombie (D:9)
  5 killer bees (D:7)
  5 howler monkeys
  13 wights
  7 electric eels
  4 lava snakes (Lair:1)
  3 bullfrog zombies
  2 centaur zombies
  A quasit (D:11)
  4 bullfrog skeletons
  10 orc priests
  7 centaur skeletons
  A jelly (D:7)
  19 orc wizards
  6 gnoll shamans (Bailey)
  8 hounds
  5 iguanas
  14 worker ants
  4 hell rats (Lair:3)
  A hound zombie (D:11)
  2 hound skeletons
  A howler monkey zombie (D:8)
  A worker ant zombie (D:6)
  24 gnolls
  20 adders
  2 shadow imps
  A white imp (D:9)
  An ufetubus (D:8)
  3 oozes
  2 adder zombies
  An adder skeleton (D:4)
  4 worms
  2 dart slugs (D:3)
  3 leopard geckos
  52 orcs
  A ball python (D:1)
  5 giant cockroaches
  7 goblins
  4 hobgoblins
  9 jackals
  3 quokkas
  7 bats
  6 frilled lizards
  8 kobolds
  A leopard gecko skeleton (D:5)
  A quokka skeleton (D:3)
  3 quokka zombies
  12 rats
713 creatures vanquished.

Vanquished Creatures (collateral kills)
  A gnoll (D:8)
1 creature vanquished.

Vanquished Creatures (others)
  A polar bear (IceCv)
  An orc wizard (D:8)
  5 demonic plants (Gauntlet)
  12 fungi
  39 plants
  2 withered plants (D:15)
60 creatures vanquished.

Grand Total: 774 creatures vanquished

Notes
Turn   | Place    | Note
-------+----------+-------------------------------------------
     0 | D:1      | Borgoz the Gargoyle Berserker began the quest for the Orb.
     0 | D:1      | Reached XP level 1. HP: 14/14 MP: 1/1
    64 | D:1      | Reached XP level 2. HP: 19/19 MP: 2/2
   185 | D:1      | Reached XP level 3. HP: 22/23 MP: 3/3
   619 | D:2      | Reached ** piety under Trog
   794 | D:2      | Reached XP level 4. HP: 26/29 MP: 4/4
  1267 | D:2      | Found a radiant altar of Vehumet.
  1420 | D:2      | Found an ornate altar of the Wu Jian Council.
  1481 | D:3      | Reached skill level 4 in Fighting
  1492 | D:3      | Reached XP level 5. HP: 33/33 MP: 5/5
  1785 | D:3      | Reached *** piety under Trog
  1878 | D:3      | Noticed Sigmund
  1924 | D:3      | Killed Sigmund
  1925 | D:3      | Reached XP level 6. HP: 40/40 MP: 6/6
  1943 | D:3      | Found a faded altar of an unknown god.
  2224 | D:4      | Reached skill level 5 in Fighting
  2230 | D:4      | Reached XP level 7. HP: 44/44 MP: 7/7
  2347 | D:4      | Reached skill level 5 in Maces & Flails
  2347 | D:4      | Reached skill level 5 in Armour
  2539 | D:5      | Entered Level 5 of the Dungeon
  2938 | D:4      | Reached XP level 8. HP: 45/51 MP: 8/8
  2976 | D:4      | Reached skill level 6 in Fighting
  3480 | D:5      | Noticed a yak
  3497 | D:5      | Killed a yak
  3497 | D:5      | Reached **** piety under Trog
  3648 | D:5      | Noticed a yak
  3648 | D:5      | Noticed a yak
  3666 | D:5      | Killed a yak
  3676 | D:5      | Killed a yak
  3677 | D:5      | Reached skill level 7 in Fighting
  3798 | D:5      | Found a staircase to the Ecumenical Temple.
  3810 | Temple   | Entered the Ecumenical Temple
  4009 | D:5      | Reached XP level 9. HP: 54/57 MP: 9/9
  4348 | D:5      | Noticed a moth of wrath
  4350 | D:5      | Found a bloodstained altar of Trog.
  4626 | D:5      | Found a sacrificial altar of Ru.
  5222 | D:6      | Noticed Blork the orc
  5231 | D:6      | Killed Blork the orc
  5268 | D:6      | Found a hazy altar of Hepliaklqana.
  5557 | D:6      | Found a snail-covered altar of Cheibriados.
  5606 | D:6      | Found a white marble altar of Elyvilon.
  5848 | D:7      | Reached skill level 8 in Fighting
  6170 | D:7      | Reached XP level 10. HP: 65/65 MP: 10/10
  6285 | D:7      | Found a large runed translucent door.
  6286 | D:7      | Found a large runed translucent door.
  6286 | D:7      | Noticed YannSP's ghost (novice MiAK)
  6471 | D:8      | Reached ***** piety under Trog
  6559 | D:8      | Received a gift from Trog
  6572 | D:8      | Reached skill level 9 in Fighting
  6692 | D:8      | Found a staircase to the Lair.
  6692 | D:8      | Noticed an elephant
  6704 | D:8      | Found a flagged portal.
  6715 | Bailey   | Entered a bailey
  6796 | Bailey   | Reached skill level 5 in Dodging
  7907 | D:8      | Killed an elephant
  8218 | D:8      | Found a shimmering blue altar of Sif Muna.
  8816 | D:9      | Reached skill level 10 in Fighting
  8957 | D:9      | Reached XP level 11. HP: 72/72 MP: 11/11
  8985 | D:8      | Reached skill level 10 in Armour
  9821 | D:7      | Killed YannSP's ghost
  9875 | D:10     | Entered Level 10 of the Dungeon
 10294 | D:10     | Found a staircase to the Orcish Mines.
 10322 | D:10     | Got a shimmering animal skin
 10401 | D:10     | Identified the +10 flail of Ashenzari's Generosity {vorpal,
                  | *Rage rF+ Will+}
 10457 | D:10     | Identified the +2 animal skin of the Enchanted Forest
                  | {rCorr Int+3 Dex+5} (You found it on level 10 of the
                  | Dungeon)
 10653 | D:11     | Noticed a two-headed ogre
 10660 | D:11     | Killed a two-headed ogre
 10661 | D:11     | Reached skill level 10 in Maces & Flails
 10744 | D:11     | Noticed a manticore
 10766 | D:11     | Killed a manticore
 11098 | D:11     | Reached skill level 11 in Fighting
 11702 | D:12     | Found a frozen archway.
 11724 | D:12     | Reached XP level 12. HP: 80/80 MP: 12/12
 11837 | IceCv    | Entered an ice cave
 12336 | IceCv    | Reached skill level 12 in Fighting
 12396 | IceCv    | Received a gift from Trog
 12500 | IceCv    | Noticed a frost giant
 12530 | IceCv    | Killed a frost giant
 12599 | IceCv    | Got a slimy brass ring
 12739 | D:12     | Identified the ring "Plog" {Ice Str+3} (You found it in an
                  | ice cave)
 12772 | D:12     | Found a sacrificial altar of Ru.
 12814 | D:12     | Noticed a four-headed hydra
 12823 | D:12     | Killed a four-headed hydra
 12869 | D:12     | Noticed a deep troll earth mage
 12869 | D:12     | Noticed a yaktaur captain
 12873 | D:12     | Reached XP level 13. HP: 87/87 MP: 13/13
 12879 | D:12     | Found a runed translucent door.
 13933 | D:12     | Killed a yaktaur captain
 13934 | D:12     | Reached skill level 13 in Fighting
 13937 | D:12     | Got a clouded turquoise ring
 13954 | D:12     | Identified the ring of Wumman {Wiz Dex+2} (You found it on
                  | level 12 of the Dungeon)
 14559 | D:13     | Reached ****** piety under Trog
 15282 | D:13     | Received a gift from Trog
 15813 | D:14     | Found a gate leading to a gauntlet.
 15858 | Gauntlet | Entered a Gauntlet
 15858 | Gauntlet | Found a transporter.
 15863 | Gauntlet | Found a transporter.
 15879 | Gauntlet | Found a transporter.
 15883 | Gauntlet | Found a transporter.
 15896 | Gauntlet | Found a transporter.
 15916 | Gauntlet | Found a transporter.
 15919 | Gauntlet | Found a transporter.
 15923 | Gauntlet | Found a transporter.
 15946 | Gauntlet | Found a transporter.
 15954 | Gauntlet | Found a transporter.
 15954 | Gauntlet | Found a transporter.
 15962 | Gauntlet | Found a transporter.
 15987 | Gauntlet | Noticed a great orb of eyes
 16136 | Gauntlet | Killed a great orb of eyes
 16156 | Gauntlet | Got a jewelled helmet
 16173 | Gauntlet | Identified the +2 helmet of Goakk {Int+3} (You found it in
                  | a Gauntlet)
 16188 | Gauntlet | Identified the +7 swamp dragon scales of the Falcon {rElec
                  | rPois Dex+2}
 16188 | Gauntlet | Noticed a minotaur
 16203 | Gauntlet | Killed a minotaur
 16206 | Gauntlet | Identified Lauto's Papyrus of Displacement
 16239 | Gauntlet | Got a scintillating bone ring
 16287 | Gauntlet | Identified the ring of Qepoonib {*Tele Will+} (You found it
                  | in a Gauntlet)
 16477 | D:14     | Gained mutation: Your large and strong wings let you fly
                  | indefinitely. [Gargoyle growth]
 16477 | D:14     | Reached XP level 14. HP: 83/95 MP: 14/14
 16731 | D:14     | Found a gate to the Vaults.
 16818 | D:14     | Reached skill level 14 in Fighting
 17328 | D:15     | Entered Level 15 of the Dungeon
 17339 | D:15     | Received a gift from Trog
 17852 | D:15     | Found Ecoem's Assorted Antiques.
 17861 | D:15     | Bought a yellow potion for 26 gold pieces
 17861 | D:15     | Bought an emerald potion for 26 gold pieces
 17861 | D:15     | Bought a notched silver ring for 145 gold pieces
 17861 | D:15     | Bought a scroll labelled HACILLAPOA for 29 gold pieces
 17939 | D:15     | Found a staircase to the Depths.
 17948 | D:15     | Reached skill level 1 in Shields
 18374 | D:15     | Found a runed translucent door.
 18374 | D:15     | Noticed Buhuicka's ghost (journeyman NaWn)
 18480 | D:15     | Killed Buhuicka's ghost
 18486 | D:15     | Identified Tykiruto's Disquisition on Companions and Evil
                  | Secrets
 18653 | Lair:1   | Entered Level 1 of the Lair of Beasts
 19006 | Lair:1   | Found a runed translucent door.
 19186 | Lair:1   | Reached XP level 15. HP: 101/101 MP: 15/15
 19316 | Lair:1   | Found a runed translucent gate.
 19317 | Lair:1   | Found a runed translucent gate.
 19318 | Lair:1   | Found a runed translucent gate.
 19320 | Lair:1   | Found the +11 plutonium sword {*Contam Stlth-}
 19320 | Lair:1   | Noticed PanSaczeczos's ghost (journeyman DrEn)
 19481 | Lair:1   | Killed PanSaczeczos's ghost
 19689 | Lair:1   | Reached skill level 15 in Fighting
 19696 | Lair:1   | Got a scorched whip
 19753 | Lair:1   | Got a faintly glowing jade ring
 19784 | Lair:1   | Identified the ring of Equivalence {Ice Dex+5 Slay+2} (You
                  | found it on level 1 of the Lair of Beasts)
 19785 | Lair:1   | Identified the cursed +3 whip of Raoll {elec, Dex+6} (You
                  | found it on level 1 of the Lair of Beasts)
 19882 | Lair:2   | Received a gift from Trog
 19883 | Lair:2   | Got a crystal eveningstar {god gift}
 20143 | Lair:2   | Found a blossoming altar of Fedhas.
 20150 | Lair:2   | Identified the +4 eveningstar of Internal Strife {flame,
                  | Dex+2} (Trog gifted it to you on level 2 of the Lair of
                  | Beasts)
 20247 | Lair:2   | Reached skill level 15 in Armour
 20488 | Lair:2   | Found a staircase to the Swamp.
 20529 | Lair:2   | Noticed Gastronok
 20544 | Lair:2   | Killed Gastronok
 20849 | Lair:2   | Noticed Nergalle
 20857 | Lair:2   | Killed Nergalle
 21208 | Lair:2   | Received a gift from Trog
 21215 | Lair:2   | Found a hole to the Spider Nest.
 21289 | Lair:2   | Acquired the amulet "Hinu Xai" {+Fly Regen+ Int+5}
 21557 | Lair:3   | Acquired the amulet of the Death Scarab {+Blink Regen+
                  | Dex+3}
 23187 | Lair:4   | Noticed Fifowuza's ghost (journeyman DrTm)
 23191 | Lair:4   | Found a transporter.
 23193 | Lair:4   | Found a transporter.
 23639 | Lair:4   | Killed Fifowuza's ghost
 23652 | Lair:4   | Reached XP level 16. HP: 110/110 MP: 16/16
 23790 | Lair:5   | Received a gift from Trog
 23931 | Lair:5   | Reached skill level 16 in Fighting
 24040 | Lair:5   | Found a staircase to the Slime Pits.
 24049 | Lair:5   | Killed from afar by an oklob plant

Illustrated notes

Levels and vault maps discovered:
D:1:      scummos_arrival_hexagon, layout_rooms
D:2:      layout_basic, nzn_wu_jian_council_hall, lemuel_coloured_pillars_altar,
          minmay_misc_feat_chi, grunt_decor_mini_mirrors,
          minmay_misc_feat_secret_circle
D:3:      layout_rooms, chequers_ecumenical_altar_island,
          amcnicky_mini_pool_small, uniq_sigmund
D:4:      layout_basic
D:5:      layout_gridville, tgw_trog, minmay_temple_entry_enclosed_plants,
          nicolae_ru_awakened_eye
D:6:      minmay_thick_lines, layout_cave_pools, nzn_hepliaklqana_mist_gate,
          general_overflow_altar, corexii_item_surrounded_by_moat,
          cheibriados_altar_1, uniq_blork_the_orc
D:7:      layout_basic, ebering_ghost_disaster_area
D:8:      layout_cave_pools, kennysheep_little_box, david_lair_generic,
          serial_rivers, chequers_serial_rivers_large_b,
          chequers_serial_rivers_small_a, chequers_serial_rivers_marsh,
          chequers_serial_rivers_micro_a, chequers_serial_rivers_micro_e,
          enter_bailey_5
D:9:      layout_cross, minmay_misc_feat_hallway
D:10:     layout_roguey, erik_orc_1
D:11:     layout_roguey
D:12:     layout_basic, portal_ice_cave_entry_ice_beasts, basic_altar,
          kennysheep_treasure_room
D:13:     layout_stronghold, st_stairs_1
D:14:     layout_rooms, david_vaults_4, roderic_lattice_a,
          gauntlet_entry_generic
D:15:     gammafunk_depths_entry_grave, layout_basic, gammafunk_ghost_grave,
          chequers_decorated_corner, serial_shops, nicolae_shop_statue_plus
Temple:   kb_temple_of_zot
Lair:1:   gammafunk_indiana_jones, layout_hall_layers,
          gammafunk_ghost_necromancy, grunt_forest_small_clearings,
          beast_lair_carwin_7, grunt_megastairs_5, serial_bayou_shore_b
Lair:2:   layout_gridlike, swamp_mist, spider_nest_entry_funnel_web,
          basic_altar, grunt_megastairs_2, infiniplex_staircase_pool,
          uniq_nergalle, uniq_gastronok
Lair:3:   layout_roguey, st_stairs_6, serial_bayou_lagoon_a,
          beast_lair_carwin_6, grunt_megastairs_1, minmay_lair_oklob_chamber,
          serial_bayou_shore_a, lemuel_fruit_fields, serial_bayou_shore_b,
          lemuel_fruit_tree
Lair:4:   layout_loops_ring, nzn_ghost_randoct
Lair:5:   layout_big_grid, minmay_slime_entry_oklob_open

Skill      XL: |  1  2  3  4  5  6  7  8  9 10 11 12 13 14 15 16 |
---------------+-------------------------------------------------+-----
Dodging        | 2 3 4 5 6 7 8 9 |  9.4
Armour         | 3 4 5 6 8 9 11 12 13 14 15 | 15.9
Fighting       | 4 5 7 8 10 11 12 13 14 15 16 | 16.0
Maces & Flails | 4 5 6 7 9 10 11 12 13 14 | 14.9
Shields        | 2 3 |  3.1

Action                   |  1- 3 |  4- 6 |  7- 9 | 10-12 | 13-15 | 16-18 || total
-------------------------+-------+-------+-------+-------+-------+-------++-------
Melee: Mace              |   103 |   105 |       |       |       |       ||   208
       Flail             |       |    67 |   425 |   943 |   686 |       ||  2121
       Eveningstar       |       |       |       |       |   306 |    60 ||   366
Invok: Berserk           |     2 |     6 |     4 |    15 |    15 |     1 ||    43
       Trog's Hand       |       |     2 |     2 |     5 |     1 |       ||    10
 Abil: Fly               |       |       |       |       |     1 |       ||     1
Evoke: Wand              |       |       |       |     6 |       |       ||     6
  Use: Scroll            |       |       |     9 |    13 |    11 |     1 ||    34
       Potion            |       |       |       |     2 |       |       ||     2
 Stab: Confused          |       |       |       |     1 |       |       ||     1
       Petrified         |       |       |       |       |     5 |       ||     5
       Petrifying        |       |       |       |       |     1 |       ||     1
Armor: Plate armour      |   148 |   172 |   272 |   213 |       |       ||   805
       Animal skin       |     1 |       |       |    53 |       |       ||    54
       Chain mail        |       |       |       |   518 |    53 |       ||   571
       Scale mail        |       |       |       |       |   301 |    26 ||   327
Dodge: Dodged            |    80 |    44 |   134 |   577 |   414 |    43 ||  1292
Block: Other             |       |       |    69 |   274 |    65 |       ||   408
       Reflection        |       |       |       |     2 |    12 |       ||    14
       Tower shield      |       |       |       |       |   393 |       ||   393
